Unix NetHack Version 5.0.0-0 post-release - last build May  4 2026 22:22:43 (774f63e81ad911689b3a0859ea89b322d5daca8d,branch:main).

Game began 2026-05-09 09:33:56, ended 2026-05-09 09:48:30.

31245981910, neutral female human Cavewoman

                                                                 --
                                                       ---     ---.
                                                        ..      ...
                                                        -...    -..---   ---
                                                    |   |....----....|  --.|
                                               ------( ---...........|  |..|
                                              --...................).-- |..---
                -.................        -----...................%|q.---....|
                             -.....................................|@........--
                           -............    ---....................q(....<....|
                          -......>..............................----........%--
                              --......................... ---..    --..%[....|
                               ---   -- --.............     ---     --....----
                                         --------.. `                |..---
                                                --                   ----

31245981910 the Aborigine  St:18/03 Dx:13 Co:16 In:8 Wi:9 Ch:8  Neutral
Dlvl:5  $:63 HP:0(32) Pw:16(16) AC:6  Xp:4 T:1225 

Latest messages:
 You are hit by the 1st crossbow bolt.
 You are hit by the 2nd crossbow bolt!
 You miss the gnome.
 The gnome swings her crossbow.
 The gnome hits!
 You kill the gnome!
 There are several objects here.
 The gnome picks up 2 crossbow bolts.
 The dwarf wields a broad pick!
 The dwarf swings his broad pick.
 The dwarf just misses!
 You kill the dwarf!
 The gnome picks up a hooded cloak.
 You miss the gnome.
 The gnome hits!
 You kill the gnome!
 Welcome to experience level 4.
 The gnome wields a crossbow!
 The crossbow welds itself to the gnome's hand!
 You kill the gnome!
 There are several objects here.
 t - 2 crossbow bolts.
 The gnome shoots 2 crossbow bolts!
 You are hit by the 1st crossbow bolt.
 You are hit by the 2nd crossbow bolt.
 The gnome lord wields a crossbow!
 You see a cave spider drop out of your pack!
 You kill the cave spider!
 You see here a harp.
 You hit the gnome lord!
 You kill the gnome lord!
 A rothe suddenly appears!
 You kill the gnome!
 The gnome wields a thonged club!
 The gnome secures the tether on the thonged club.
 You miss the rothe.
 The rothe hits!
 The rothe bites!
 The rothe bites again!
 You hit the rothe!
 The rothe hits!
 The rothe just misses!
 The rothe bites!
 The rothe hits!
 You die...
 Do you want your possessions identified? [ynq] (y) y
 Do you want to see your attributes? [ynq] (y) y
 Do you want an account of creatures vanquished? [ynaq] (y) y
 Do you want to see your conduct and achievements? [ynq] (y) y
 Do you want to see the dungeon overview? [ynq] (y) y

Inventory:
 Coins    ('$')
  $ - 63 gold pieces
 Weapons  (')')
  t - 2 +0 crossbow bolts
  m - 8 poisoned +0 crossbow bolts
  o - a +0 crossbow
  b - a +2 sling (alternate weapon; not wielded)
  q - 3 +0 daggers
  a - a +1 club (weapon in right hand)
 Armor    ('[')
  r - a cursed +0 pair of iron shoes (being worn)
  e - an uncursed +0 leather armor (being worn)
 Comestibles  ('%')
  j - an uncursed cram ration
  k - an uncursed cream pie
 Scrolls  ('?')
  h - an uncursed scroll of gold detection
 Potions  ('!')
  g - an uncursed potion of healing
 Gems/Stones  ('*')
  p - an uncursed emerald
  n - 2 uncursed worthless pieces of white glass
  c - 18 uncursed flint stones (in quiver pouch)
  d - 25 uncursed rocks

31245981910 the Cavewoman's attributes:

Background:
 You were an Aborigine, a level 4 human Cavewoman.
 You were neutral, nominally on a mission for Ishtar
 who was opposed by Anu (lawful) and Anshar (chaotic).
 You were right-handed.
 You were in the Gnomish Mines, on level 5.
 You entered the dungeon 1225 turns ago.
 You had 115 experience points, 45 more were needed to attain level 5.

Basics:
 You had 0 out of 32 hit points.
 You had all 16 energy points (spell power).
 Your armor class was 6.
 Your wallet contained 63 zorkmids.
 Autopickup was off.

Final Characteristics:
 Your strength was 18/03 (limit:18/100).
 Your dexterity was 13 (limit:18).
 Your constitution was 16 (limit:18).
 Your intelligence was 8 (limit:18).
 Your wisdom was 9 (limit:18).
 Your charisma was 8 (limit:18).

Final Status:
 You weren't hungry.
 You were unencumbered.
 You were wielding a club.
 You had basic skill with club.

Final Attributes:
 You were devoutly aligned.
 You were warded.
 You are dead.

Miscellaneous:
 You didn't encounter any bones levels.
 Total elapsed playing time was 14 minutes and 33 seconds.

Major events:
 Turn
    1: 31245981910 the neutral human Cavewoman entered the dungeon
 1046: entered the Gnomish Mines
 1069: attained the rank of Aborigine (level 3)
 1225: killed by a rothe

You didn't know any spells.

Skills:
 Fighting Skills
   bare handed combat [Basic]
 Weapon Skills
   dagger             [Unskilled]
   knife              [Unskilled]
   axe                [Unskilled]
   pick-axe           [Unskilled]
   club               [Basic]
   mace               [Unskilled]
   morning star       [Unskilled]
   flail              [Unskilled]
   hammer             [Unskilled]
   quarterstaff       [Unskilled]
   polearms           [Unskilled]
   spear              [Unskilled]
   trident            [Unskilled]
   bow                [Unskilled]
   sling              [Basic]
   boomerang          [Unskilled]
   unicorn horn       [Unskilled]
 Spellcasting Skills
   attack spells      [Unskilled]
   matter spells      [Unskilled]

Voluntary challenges:
 Character rerolling was not enabled.
 You were an atheist.
 You were illiterate.
 You never genocided any monsters.
 You never polymorphed an object.
 You never changed form.
 You used no wishes.
Achievements:
 You entered the Gnomish Mines.
 You attained the rank of Aborigine.

 The Dungeons of Doom: levels 1 to 3
    Level 1:
       An altar.
    Level 2:
       Many fountains, a sink.
    Level 3:
       An altar to Ishtar.
       Stairs down to The Gnomish Mines.
 The Gnomish Mines: levels 4 to 5
    Level 4:
    Level 5: <- You were here.
       Final resting place for
          you, killed by a rothe.


Vanquished creatures:
  2 gnome leaders
  3 dwarves
 an iguana
  a coyote
  a cave spider
  a yellow mold
  9 gnomes
  2 geckos
  2 jackals
  a fox
  a sewer rat
  3 grid bugs
  3 lichens
  3 newts
33 creatures vanquished.

No species were genocided or became extinct.

Game over:
                       ----------
                      /          \
                     /    REST    \
                    /      IN      \
                   /     PEACE      \
                  /                  \
                  |   31245981910    |
                  |      63 Au       |
                  |   killed by a    |
                  |      rothe       |
                  |                  |
                  |                  |
                  |       2026       |
                 *|     *  *  *      | *
        _________)/\\_//(\/(/\)/\//\/|_)_______

Goodbye 31245981910 the Cavewoman...

You died in The Gnomish Mines on dungeon level 5 with 717 points,
and 63 pieces of gold, after 1225 moves.
You were level 4 with a maximum of 32 hit points when you died.

